AAA
ROUND ROCK EXPRESS @ IOWA CUBS
06/17/2052
 
TOP OF THE 1ST
Reno Aces batting - Pitching for Sacramento River Cats : RHP Iván Monzon
Pitching: RHP Iván Monzon
Batting: LHB Erik Long 0-0: Ball
1-0: Called Strike
1-1: Ball
2-1: SOLO HOME RUN (Flyball, 9D, EV 96.9 MPH), Distance : 362 ft
Batting: RHB Tyler Russman 0-0: Called Strike
0-1: Called Strike
0-2: Foul Ball, location: 2F
0-2: Strikes out looking
Batting: LHB Zach Naquin 0-0: Called Strike
0-1: Swinging Strike
0-2: Strikes out looking
Batting: RHB Simon Frank 0-0: Foul Ball, location: 2F
0-1: Foul Ball, location: 2F
0-2: Ground out 6-3 (Groundball, 6, EV 105.0 MPH)
Top of the 1st over - 1 run, 1 hit, 0 errors, 0 left on base; Reno 1 - Sacramento 0
BOTTOM OF THE 1ST
Sacramento River Cats batting - Pitching for Reno Aces : LHP Bob Moore
Pitching: LHP Bob Moore
Batting: LHB Douggie Mattson 0-0: Swinging Strike
0-1: Ball
1-1: Foul Ball, location: 2F
1-2: Ball
2-2: Ball
3-2: Foul Ball, location: 2F
3-2: Base on Balls
Batting: RHB Matt Campbell 0-0: Ball
1-0: Foul Ball, location: 2F
1-1: Ball
2-1: Ball
3-1: Called Strike
3-2: Grounds into double play, 6-4-3 (Groundball, 6, EV 105.0 MPH)
Batting: SHB Carlo Bernoldi 0-0: Called Strike
0-1: Swinging Strike
0-2: Ball
1-2: Ball
2-2: Strikes out swinging
Bottom of the 1st over - 0 runs, 0 hits, 0 errors, 0 left on base; Reno 1 - Sacramento 0
TOP OF THE 2ND
Reno Aces batting - Pitching for Sacramento River Cats : RHP Iván Monzon
Batting: LHB Richard Geller 0-0: Foul Ball, location: 2F
0-1: Ball
1-1: Swinging Strike
1-2: SINGLE (Line Drive, 9S, EV 93.8 MPH)
Batting: RHB Glenn Finley 0-0: Ball
1-0: Swinging Strike
1-1: Called Strike
1-2: Foul Ball, location: 2F
1-2: Strikes out swinging
Batting: LHB Jackson Hackney 0-0: Ball
1-0: Called Strike
1-1: Ball
2-1: Foul Ball, location: 2F
2-2: 2-RUN HOME RUN (Flyball, 9D, EV 93.1 MPH), Distance : 346 ft
Batting: LHB Trevor McCoy 0-0: Called Strike
0-1: SINGLE (Line Drive, 9S, EV 104.4 MPH)
Batting: RHB Kirby Myers 0-0: Ball
1-0: Fly out, F4 (Popup, 4MD, EV 68.1 MPH)
Batting: LHB Erik Long 0-0: Foul Ball, location: 2F
0-1: Ball
1-1: Ball
2-1: Swinging Strike
2-2: Foul Ball, location: 2F
2-2: Strikes out swinging
Top of the 2nd over - 2 runs, 3 hits, 0 errors, 1 left on base; Reno 3 - Sacramento 0
BOTTOM OF THE 2ND
Sacramento River Cats batting - Pitching for Reno Aces : LHP Bob Moore
Batting: LHB Alexander Wolfe 0-0: Ball
1-0: Ball
2-0: Fly out, F7 (Flyball, 7D, EV 101.2 MPH)
Batting: RHB Payton Viverette 0-0: Foul Ball, location: 2F
0-1: Foul Ball, location: 2F
0-2: Ball
1-2: SOLO HOME RUN (Flyball, 7D, EV 97.5 MPH), Distance : 359 ft
Batting: SHB Cesar Feliciano 0-0: Called Strike
0-1: Swinging Strike
0-2: Foul Ball, location: 2F
0-2: Ball
1-2: Foul Ball, location: 2F
1-2: Strikes out swinging
Batting: RHB Aaron Thomson 0-0: Ball
1-0: Called Strike
1-1: Called Strike
1-2: Foul Ball, location: 2F
1-2: Foul Ball, location: 2F
1-2: Fly out, F7 (Flyball, 7, EV 90.0 MPH)
Bottom of the 2nd over - 1 run, 1 hit, 0 errors, 0 left on base; Reno 3 - Sacramento 1
TOP OF THE 3RD
Reno Aces batting - Pitching for Sacramento River Cats : RHP Iván Monzon
Batting: RHB Tyler Russman 0-0: Foul Ball, location: 2F
0-1: Swinging Strike
0-2: Strikes out swinging
Batting: LHB Zach Naquin 0-0: Fly out, F9 (Line Drive, 9, EV 95.6 MPH)
Batting: RHB Simon Frank 0-0: Ball
1-0: Ball
2-0: Ball
3-0: Swinging Strike
3-1: Foul Ball, location: 2F
3-2: Strikes out looking
Top of the 3rd over - 0 runs, 0 hits, 0 errors, 0 left on base; Reno 3 - Sacramento 1
BOTTOM OF THE 3RD
Sacramento River Cats batting - Pitching for Reno Aces : LHP Bob Moore
Batting: SHB Lindsey Gibson 0-0: Ball
1-0: Ball
2-0: Foul Ball, location: 2F
2-1: Foul Ball, location: 2F
2-2: Strikes out swinging
Batting: RHB Jim Jones 0-0: Called Strike
0-1: Fly out, F3 (Popup, 3F, EV 63.1 MPH)
Batting: LHB Douggie Mattson 0-0: Foul Ball, location: 2F
0-1: SINGLE (Groundball, 6D, EV 94.4 MPH)
Batting: RHB Matt Campbell 0-0: Ball
1-0: Called Strike
1-1: Foul Ball, location: 2F
1-2: Fly out, F8 (Flyball, 8LD, EV 102.5 MPH)
Bottom of the 3rd over - 0 runs, 1 hit, 0 errors, 1 left on base; Reno 3 - Sacramento 1
TOP OF THE 4TH
Reno Aces batting - Pitching for Sacramento River Cats : RHP Iván Monzon
Batting: LHB Richard Geller 0-0: Ball
1-0: Ball
2-0: Called Strike
2-1: Foul Ball, location: 2F
2-2: Fly out, F6 (Popup, 6D, EV 66.9 MPH)
Batting: RHB Glenn Finley 0-0: Called Strike
0-1: Ball
1-1: Ball
2-1: Fly out, F9 (Flyball, 9LM, EV 106.9 MPH)
Batting: LHB Jackson Hackney 0-0: DOUBLE (Line Drive, 7LM, EV 96.9 MPH)
Batting: LHB Trevor McCoy 0-0: 2-RUN HOME RUN (Flyball, 9LD, EV 98.8 MPH), Distance : 373 ft
Pitching: LHP David Gandolfi
Batting: RHB Kirby Myers 0-0: Ball
1-0: Foul Ball, location: 2F
1-1: Called Strike
1-2: Strikes out looking
Top of the 4th over - 2 runs, 2 hits, 0 errors, 0 left on base; Reno 5 - Sacramento 1
BOTTOM OF THE 4TH
Sacramento River Cats batting - Pitching for Reno Aces : LHP Bob Moore
Batting: SHB Carlo Bernoldi 0-0: Ball
1-0: Swinging Strike
1-1: Ball
2-1: Foul Ball, location: 2F
2-2: Ball
3-2: Ground out U3 (Groundball, 34, EV 101.9 MPH)
Batting: LHB Alexander Wolfe 0-0: Hit by Pitch
Batting: RHB Payton Viverette 0-0: Called Strike
0-1: Foul Ball, location: 2F
0-2: Hit by Pitch
Alexander Wolfe to second
Batting: SHB Cesar Feliciano 0-0: Called Strike
0-1: DOUBLE (Flyball, 9LM, EV 113.1 MPH)
Alexander Wolfe scores
Payton Viverette to third
Batting: RHB Aaron Thomson 0-0: Called Strike
0-1: Ball
1-1: Foul Ball, location: 2F
1-2: Foul Ball, location: 2F
1-2: Ball
2-2: Foul Ball, location: 2F
2-2: Ball
3-2: Foul Ball, location: 2F
3-2: Ground out 3-1 (Groundball, 34, EV 89.4 MPH)
Payton Viverette scores
Cesar Feliciano to third
Batting: SHB Lindsey Gibson 0-0: Swinging Strike
0-1: Ball
1-1: Fly out, F4 (Line Drive, 4, EV 72.5 MPH)
Bottom of the 4th over - 2 runs, 1 hit, 0 errors, 1 left on base; Reno 5 - Sacramento 3
TOP OF THE 5TH
Reno Aces batting - Pitching for Sacramento River Cats : LHP David Gandolfi
Batting: LHB Erik Long 0-0: Foul Ball, location: 2F
0-1: Fly out, F9 (Line Drive, 9S, EV 104.4 MPH)
Batting: RHB Tyler Russman 0-0: Ball
1-0: Called Strike
1-1: Ball
2-1: Foul Ball, location: 2F
2-2: Ball
3-2: Strikes out looking
Batting: LHB Zach Naquin 0-0: Foul Ball, location: 2F
0-1: Foul Ball, location: 2F
0-2: Ball
1-2: Strikes out swinging
Top of the 5th over - 0 runs, 0 hits, 0 errors, 0 left on base; Reno 5 - Sacramento 3
BOTTOM OF THE 5TH
Sacramento River Cats batting - Pitching for Reno Aces : LHP Bob Moore
Batting: RHB Jim Jones 0-0: Ball
1-0: Fly out, F3 (Popup, 34S, EV 73.1 MPH)
Batting: LHB Douggie Mattson 0-0: Fly out, F5 (Popup, 5SF, EV 86.2 MPH)
Batting: RHB Matt Campbell 0-0: Foul Ball, location: 2F
0-1: Ball
1-1: Foul Ball, location: 2F
1-2: Ball
2-2: Ball
3-2: SINGLE (Groundball, 34D, EV 105.6 MPH)
Batting: SHB Carlo Bernoldi 0-0: Ball
1-0: SINGLE (Line Drive, 7LS, EV 98.1 MPH)
Matt Campbell to second
Batting: LHB Alexander Wolfe 0-0: Called Strike
0-1: Ball
1-1: Swinging Strike
1-2: Ball
2-2: Foul Ball, location: 2F
2-2: Strikes out swinging
Bottom of the 5th over - 0 runs, 2 hits, 0 errors, 2 left on base; Reno 5 - Sacramento 3
TOP OF THE 6TH
Reno Aces batting - Pitching for Sacramento River Cats : LHP David Gandolfi
Batting: RHB Simon Frank 0-0: Called Strike
0-1: Swinging Strike
0-2: Ball
1-2: Ball
2-2: Strikes out swinging
Batting: LHB Richard Geller 0-0: Called Strike
0-1: Foul Ball, location: 2F
0-2: Strikes out swinging
Batting: RHB Glenn Finley 0-0: Ball
1-0: Foul Ball, location: 2F
1-1: Ball
2-1: Ball
3-1: Base on Balls
Batting: LHB Jackson Hackney 0-0: Ball
1-0: Fielders Choice at 2nd, 6-4 (Groundball, 56, EV 105.6 MPH)
Top of the 6th over - 0 runs, 0 hits, 0 errors, 1 left on base; Reno 5 - Sacramento 3
BOTTOM OF THE 6TH
Sacramento River Cats batting - Pitching for Reno Aces : LHP Bob Moore
Batting: RHB Payton Viverette 0-0: Ball
1-0: SINGLE (Groundball, 4MD, EV 98.8 MPH) (infield hit)
Batting: SHB Cesar Feliciano 0-0: Bunted foul
0-1: Sac Bunt to 13 - play at first, batter OUT! 1-4
Payton Viverette to second
Batting: RHB Aaron Thomson 0-0: Ball
1-0: Ground out 4-3 (Groundball, 4, EV 77.5 MPH)
Payton Viverette to third
Pitching: RHP Evan Winters
Batting: SHB Lindsey Gibson 0-0: Ball
1-0: Ball
2-0: Ball
3-0: Called Strike
3-1: Base on Balls
Batting: RHB Jim Jones 0-0: Ball
1-0: Called Strike
1-1: Ball
2-1: Ball
3-1: Fielders Choice at 2nd, 6-4 (Groundball, 6, EV 88.8 MPH)
Bottom of the 6th over - 0 runs, 1 hit, 0 errors, 2 left on base; Reno 5 - Sacramento 3
TOP OF THE 7TH
Reno Aces batting - Pitching for Sacramento River Cats : LHP David Gandolfi
Batting: LHB Trevor McCoy 0-0: Called Strike
0-1: Foul Ball, location: 2F
0-2: Ball
1-2: Ball
2-2: Ball
3-2: Base on Balls
Batting: RHB Kirby Myers 0-0: Ball
1-0: Foul Ball, location: 2F
1-1: Ball
2-1: Foul Ball, location: 2F
2-2: Fielders Choice at 2nd, 5-4 (Groundball, 56, EV 88.1 MPH)
Batting: LHB Erik Long 0-0: Called Strike
0-1: Ball
1-1: Ball
2-1: Ball
3-1: Base on Balls
Kirby Myers to second
Batting: RHB Tyler Russman 0-0: Fly out, F8 (Flyball, 8LS, EV 92.5 MPH)
Batting: LHB Zach Naquin 0-0: Called Strike
0-1: Swinging Strike
0-2: Ball
1-2: Strikes out swinging
Top of the 7th over - 0 runs, 0 hits, 0 errors, 2 left on base; Reno 5 - Sacramento 3
BOTTOM OF THE 7TH
Sacramento River Cats batting - Pitching for Reno Aces : RHP Evan Winters
Batting: LHB Douggie Mattson 0-0: Swinging Strike
0-1: Ball
1-1: Fly out, F9 (Flyball, 89D, EV 98.8 MPH)
Batting: RHB Matt Campbell 0-0: Foul Ball, location: 2F
0-1: Foul Ball, location: 2F
0-2: Strikes out swinging
Batting: SHB Carlo Bernoldi 0-0: Swinging Strike
0-1: Ball
1-1: Ball
2-1: Foul Ball, location: 2F
2-2: Foul Ball, location: 2F
2-2: Strikes out swinging
Bottom of the 7th over - 0 runs, 0 hits, 0 errors, 0 left on base; Reno 5 - Sacramento 3
TOP OF THE 8TH
Reno Aces batting - Pitching for Sacramento River Cats : LHP David Gandolfi
Batting: RHB Simon Frank 0-0: Ball
1-0: Called Strike
1-1: SOLO HOME RUN (Flyball, 7D, EV 93.1 MPH), Distance : 359 ft
Batting: LHB Richard Geller 0-0: Called Strike
0-1: Called Strike
0-2: Strikes out swinging
Batting: RHB Glenn Finley 0-0: Ball
1-0: Ball
2-0: Called Strike
2-1: Swinging Strike
2-2: Ball
3-2: Base on Balls
Pitching: RHP Feliciano Negron
Batting: LHB Jackson Hackney 0-0: DOUBLE (Line Drive, 89D, EV 99.4 MPH)
Glenn Finley to third
Batting: LHB Trevor McCoy 0-0: Called Strike
0-1: Ball
1-1: Swinging Strike
1-2: Foul Ball, location: 2F
1-2: Strikes out swinging
Batting: RHB Kirby Myers 0-0: Called Strike
0-1: Ball
Wild Pitch!
Glenn Finley scores
Jackson Hackney to third
1-1: Called Strike
1-2: Fly out, F8 (Line Drive, 8LM, EV 96.9 MPH)
Top of the 8th over - 2 runs, 2 hits, 0 errors, 1 left on base; Reno 7 - Sacramento 3
BOTTOM OF THE 8TH
Sacramento River Cats batting - Pitching for Reno Aces : RHP Evan Winters
Batting: LHB Alexander Wolfe 0-0: Called Strike
0-1: Swinging Strike
0-2: Ball
1-2: Ball
2-2: Strikes out looking
Batting: RHB Payton Viverette 0-0: Called Strike
0-1: Ball
1-1: Swinging Strike
1-2: Ball
2-2: Ball
3-2: Base on Balls
Batting: SHB Cesar Feliciano 0-0: Called Strike
0-1: Ball
1-1: Ball
2-1: Ball
3-1: Foul Ball, location: 2F
3-2: Foul Ball, location: 2F
3-2: Strikes out swinging
Pitching: RHP Emmanuel Heise
Batting: RHB Aaron Thomson 0-0: Ball
1-0: Ball
2-0: Foul Ball, location: 2F
2-1: Foul Ball, location: 2F
2-2: Ground out 4-3 (Groundball, 34, EV 86.9 MPH)
Bottom of the 8th over - 0 runs, 0 hits, 0 errors, 1 left on base; Reno 7 - Sacramento 3
TOP OF THE 9TH
Reno Aces batting - Pitching for Sacramento River Cats : RHP Feliciano Negron
Batting: LHB Erik Long 0-0: Ball
1-0: Called Strike
1-1: Ball
2-1: SINGLE (Line Drive, 5D, EV 104.4 MPH)
Batting: RHB Tyler Russman 0-0: Foul Ball, location: 2F
0-1: Called Strike
0-2: Ball
1-2: Strikes out looking
Batting: LHB Zach Naquin 0-0: Ball
1-0: Ball
2-0: Hit by Pitch
Erik Long to second
Batting: RHB Simon Frank 0-0: Called Strike
0-1: Called Strike
0-2: Strikes out looking
Pitching: RHP Wilin Huezo
Batting: LHB Richard Geller 0-0: Ball
1-0: Ball
2-0: SINGLE (Groundball, 25, EV 63.1 MPH) (infield hit)
Erik Long to third
Zach Naquin to second
Batting: RHB Glenn Finley 0-0: Foul Ball, location: 2F
0-1: Swinging Strike
0-2: SINGLE (Line Drive, 6D, EV 105.0 MPH)
Erik Long scores
Zach Naquin to third
Richard Geller to second
Runner from 3rd tries for Home, throw by LF and OUT! 7-2
Top of the 9th over - 1 run, 3 hits, 0 errors, 2 left on base; Reno 8 - Sacramento 3
BOTTOM OF THE 9TH
Sacramento River Cats batting - Pitching for Reno Aces : RHP Emmanuel Heise
Batting: SHB Lindsey Gibson 0-0: Foul Ball, location: 2F
0-1: Ground out U3 (Groundball, 34, EV 85.6 MPH)
Batting: RHB Jim Jones 0-0: Swinging Strike
0-1: Ball
1-1: Swinging Strike
1-2: Ball
2-2: Strikes out swinging
Batting: LHB Douggie Mattson 0-0: Ball
1-0: Called Strike
1-1: Ball
2-1: Called Strike
2-2: Ground out 1-3 (Groundball, 25, EV 65.6 MPH)
Bottom of the 9th over - 0 runs, 0 hits, 0 errors, 0 left on base; Reno 8 - Sacramento 3
Thursday, April 25th , 2024 - OOTP Baseball 24.11 Build 85